 Dungeon Sprint DCSS version 0.17-a0-226-ge260c71 (webtiles) character file.

8 BluebellGnoll the Covered (level 2, 15/15 HPs)
             Began as a Deep Elf Fire Elementalist on Mar 28, 2015.
             Was an Initiate of Vehumet.
             Quit the game in the Dungeon (Sprint V: "Ziggurat Sprint").
             The game lasted 00:02:07 (59 turns).

BluebellGnoll the Covered (DEFE)                      Turns: 59, Time: 00:02:07

Health: 15/15      AC: 15    Str:  5    XL:     2   Next: 0%
Magic:  8/8        EV:  6    Int: 25    God:    Vehumet [......]
Gold:   0          SH:  0    Dex: 21    Spells: 1 memorised, 6 levels left

rFire  + + .     SeeInvis .     (no weapon)
rCold  x . .     Clarity  .     I - +5 fire dragon armour
rNeg   . . .     SustAb   .     (no shield)
rPois  .         Gourm    .     (no helmet)
rElec  .         Spirit   .     (no cloak)
rCorr  .         Warding  .     (no gloves)
rMut   .         NoTele   +     (no boots)
MR     .....                    (no amulet)
Stlth  +.........               n - +6 ring of dexterity
                                p - +6 ring of intelligence

@: not resistant to hostile enchantments, very unstealthy
A: no striking features
a: Renounce Religion


You were in the Dungeon.
You worshipped Vehumet.
Vehumet was noncommittal.
You were not hungry.

You visited 1 branch

Inventory:

Hand weapons
 o - the +6 Majin-Bo {vamp, Archmagi MP+6 Int+6}
   (You found it in the Dungeon)

   It inflicts no extra harm, but heals its wielder somewhat when it strikes a
   living foe.
   It affects your intelligence (+6).
   It affects your magic capacity (+6).
 L - a +5 demon blade
Armour
 a - a +0 robe
 I - a +5 fire dragon armour (worn)
 J - a +5 ice dragon armour
 K - a +5 gold dragon armour
Jewellery
 n - a +6 ring of dexterity (right hand)
 p - a +6 ring of intelligence (left hand)
 q - a +6 ring of intelligence
 s - a +6 ring of strength
Magical devices
 j - a wand of disintegration (7)
 k - a wand of fire (5)
 l - a wand of cold (5)
 m - a wand of draining (5)
Scrolls
 i - 4 scrolls of blinking
 u - 4 scrolls of amnesia
 v - 3 scrolls of recharging
 w - 7 scrolls of fog
 x - a scroll of holy word
 y - 5 scrolls of identify
 z - 5 scrolls of remove curse
 A - 2 scrolls of fear
Potions
 d - 10 potions of curing
 e - 10 potions of heal wounds
 f - 6 potions of haste
 g - 7 potions of magic
 h - 3 potions of berserk rage
 B - 2 potions of brilliance
 C - 2 potions of invisibility
 D - 2 potions of restore abilities
 E - 4 potions of resistance
 G - 5 potions of agility
 H - 5 potions of might
Books
 b - a book of Flames

   Spells                             Type                      Level
   a - Flame Tongue                   Conjuration/Fire             1
   b - Throw Flame                    Conjuration/Fire             2
   c - Conjure Flame                  Conjuration/Fire             3
   d - Inner Flame                    Hexes/Fire                   3
   e - Sticky Flame                   Conjuration/Fire             4
   f - Fireball                       Conjuration/Fire             5
Comestibles
 c - 5 bread rations
 r - 42 fruits
 t - 4 meat rations


   Skills:
 + Level 6.1 Armour
 + Level 2.4 Dodging
 + Level 2.4 Stealth
 + Level 3.0 Spellcasting
 + Level 1.1 Conjurations
 + Level 3.2 Fire Magic


You had 6 spell levels left.
You knew the following spells:

 Your Spells              Type           Power        Failure   Level  Hunger
a - Flame Tongue          Conj/Fire      ##...        97%         1    None


Dungeon Overview and Level Annotations

Branches:
Dungeon (1/1)

Altars:
Ashenzari
Cheibriados
Dithmenos
Elyvilon
Fedhas
Gozag
Kikubaaqudgha
Makhleb
Nemelex Xobeh
Okawaru
Qazlal
Ru
Sif Muna
Trog
Vehumet
Xom
Yredelemnul
Zin
The Shining One
Beogh
Jiyva
Lugonu


Message History

You kneel at the altar of Vehumet.
Vehumet welcomes you!
Unknown command.
Okay, then.
Wear which item? (? for menu, Esc to quit)
You start removing your armour.
You continue taking off your +0 robe.
You continue taking off your +0 robe. x3
You finish taking off your +0 robe.
You start putting on your armour.
You continue putting on your +5 fire dragon armour. x5
You finish putting on your +5 fire dragon armour.
Okay, then.
Drink which item? (? for menu, Esc to quit)
You feel more experienced!
Your Armour skill gained 6 levels and is now at level 6!
You have reached level 2!
Okay, then.
Wield which item (- for none, * to show all)? (? for menu, Esc to quit)
This weapon is vampiric, and you must be Full or above to equip it.
Are you sure you want to abandon this character and quit the game? (Confirm with "yes".)

▓▓▓▓▓▓▓▓▓▓▓▓▓▓▓▓▓
▓_8_8_88©88_8_8_▓
▓8......@..))..8▓
▓_..))........._▓
▓8..)).........8▓
▓_..().....}..._▓
▓8...).....=...8▓
▓_.........|..._▓
▓8...[.........8▓
▓_...[.<......._▓
▓8.............8▓


There were no monsters in sight!

Vanquished Creatures (others)
  3 spatial maelstroms (D)
3 creatures vanquished.

Notes
Turn   | Place    | Note
--------------------------------------------------------------
     0 | D        | BluebellGnoll, the Deep Elf Fire Elementalist, began the quest for the Orb.
     0 | D        | Reached XP level 1. HP: 10/10 MP: 5/5
     0 | D        | Found a viscous altar of Jiyva.
     0 | D        | Found a corrupted altar of Lugonu.
     0 | D        | Found a white marble altar of Elyvilon.
     2 | D        | Found a sparkling altar of Nemelex Xobeh.
     2 | D        | Found a burning altar of Makhleb.
     2 | D        | Banished a spatial maelstrom
     3 | D        | Found a deep blue altar of Sif Muna.
     3 | D        | Found a bloodstained altar of Trog.
     5 | D        | Banished a spatial maelstrom
     6 | D        | Found an iron altar of Okawaru.
    11 | D        | Banished a spatial maelstrom
    15 | D        | Found a radiant altar of Vehumet.
    18 | D        | Found a basalt altar of Yredelemnul.
    19 | D        | Found a shimmering altar of Xom.
    42 | D        | Became a worshipper of Vehumet
    58 | D        | Reached skill level 6 in Armour
    58 | D        | Reached XP level 2. HP: 15/15 MP: 8/8
    59 | D        | Quit the game

Action                   || total
-------------------------++-------
  Use: Potion            ||     1
